Cogmind - Beta 14 @@@ ROGUE MODE // 2024.11.02 @ 19:35:51 Player: Kate+Gabe4evr Result: Destroyed by OM-WTP(R) with Subdweller Shrapnel Launcher Performance ------------- Evolutions (0) 0 Regions Visited (2) 400 Robots Destroyed (23) 115 Value Destroyed (867) 867 Prototype IDs (0) 0 Alien Tech Used (0) 0 Bonus (8) 8 TOTAL SCORE: 1390 Bonus ------- High Alert Combat Kills 8 Cogmind --------- Core Integrity 0/250 Matter 287/300 Energy 250/250 System Corruption 0% Temperature Cool (0) Movement Rolling (110) Location -10/Subcaves Parts ------- > --- POWER (1) -------- Ion Engine > --- PROPULSION (2) --- Subdweller Monowheel Subdweller Monowheel > --- UTILITY (2) ------ Improved Heat Sink Large Storage Unit > --- WEAPON (2) ------- Heavy Battle Rifle > --- INVENTORY (15) --- Subdweller Power Source Armored Wheel Disposable Heat Sink Structural Scanner Subdweller Optics Scrap Shield Scrap Shield Subdweller Beam Cannon Subdweller Machine Gun Subdweller Machine Gun Battle Cannon Flamer Makeshift Sword Peak State ------------ > --- POWER ------------ Light Nuclear Core > --- PROPULSION ------- Armored Wheel Armored Wheel > --- UTILITY ---------- Improved Heat Sink Large Storage Unit > --- WEAPON ----------- Beam Rifle Barrage Gun > --- INVENTORY -------- Ion Engine Subdweller Power Source Armored Wheel Subdweller Monowheel Disposable Heat Sink Structural Scanner Subdweller Optics Scrap Shield Battle Rifle Subdweller Machine Gun Subdweller Machine Gun Battle Cannon Flamer Makeshift Sword [Rating: 19] Favorites ----------- Power Light Nuclear Core Engine Ion Engine Power Core Light Nuclear Core Propulsion Armored Wheel Wheel Armored Wheel Utility Large Storage Unit Device Improved Heat Sink Storage Large Storage Unit Protection Medium Armor Plating Weapon Beam Rifle Energy Gun Beam Rifle Ballistic Gun Heavy Battle Rifle Ballistic Cannon Improved Light Cannon Build | -11 -10 -10 ------- Run | Yrd Mat Sub Slots Evolved . | . . . Power . | . . . Propulsion . | . . . Utility . | . . . Weapon . | . . . Parts Attached 25 | 6 11 8 Power 3 | 1 1 1 Engine 2 | 1 . 1 Core 1 | . 1 . Reactor . | . . . Propulsion 9 | 2 4 3 Treads . | . . . Leg . | . . . Wheel 9 | 2 4 3 Hover . | . . . Flight . | . . . Utility 4 | 1 3 . Device 1 | . 1 . Storage 2 | 1 1 . Processor . | . . . Hackware . | . . . Protection 1 | . 1 . Artifact . | . . . Weapon 9 | 2 3 4 Energy Gun 3 | 1 1 1 Energy Cannon . | . . . Ballistic Gun 5 | 1 1 3 Ballistic Cannon 1 | . 1 . Launcher . | . . . Special Weapon . | . . . Impact Weapon . | . . . Slashing Weapon . | . . . Piercing Weapon . | . . . Special Melee Weapon . | . . . Unidentified Prototypes . | . . . Parts Lost 10 | . 3 7 Power 1 | . . 1 Propulsion 4 | . 2 2 Utility 1 | . 1 . Weapon 4 | . . 4 Highest Loss Streak 2 | . 2 2 To Critical Strikes . | . . . Average Slot Usage (%) 97 | . 98 96 Engine 5 | . 3 6 Core 8 | . 10 7 Wheel 27 | . 27 27 Device 9 | . 4 14 Storage 14 | . 14 14 Protection 4 | . 8 . Energy Gun 12 | . 14 11 Ballistic Gun 6 | . 4 9 Ballistic Cannon 7 | . 9 4 Peak Build Rating 19 | 6 15 19 Average Rating 14 | 4 13 16 On Entrance 7 | . 6 15 Naked Turns . | . . . Heaviest Build 39 | 10 39 33 Greatest Support 40 | 32 32 40 Greatest Overweight (x) 2 | . 1 2 Average Overweight (x) . | . . . Largest Inventory Capacity 15 | 8 15 15 Average Capacity 12 | 6 11 15 Most Carried 15 | 2 8 15 Average Carried 8 | . 6 11 Final Capacity 15 | 8 15 15 Final Carried 15 | 2 6 15 Class Distribution -------------------- 100% | Mutant Dominant Class ---------------- Mutant | -10/Materials Mutant | -10/Subcaves Resources | -11 -10 -10 ----------- Run | Yrd Mat Sub Matter Collected 721 | 231 260 230 Remotely . | . . . Salvage Created 718 | . 446 272 Parts 45 | . 29 16 Haulers Intercepted . | . . . Recyclers Shooed . | . . . Parts Field Recycled . | . . . Retrieved Matter . | . . . Parts Self-Destructed 13 | . . 13 Prevented . | . . . Kills | -11 -10 -10 ------- Run | Yrd Mat Sub Combat Hostiles Destroyed 19 | . 11 8 Guns 14 | . 7 7 Cannons 4 | . 3 1 AOE 1 | . 1 . Classes Destroyed 4 | . 3 1 Worker 2 | . 2 . Watcher 2 | . 2 . Grunt 11 | . 11 . Subdweller 8 | . . 8 Best Kill Streak 5 | . 5 3 Combat Bots Only 4 | . 4 3 Max Kills in Single Turn 3 | . 3 2 Gunslinging 1 | . . 1 Exploded 1 | . 1 . Melee . | . . . Uniques/NPCs Destroyed . | . . . Combat | -11 -10 -10 -------- Run | Yrd Mat Sub Hostile Shots Fired 82 | . 41 41 Missed 14 | . 8 6 Damage Taken 1450 | . 608 842 Core 278 | . 94 184 Absorbed by Shields . | . . . Core Remaining (%) 100 | 100 . . Volleys Fired 85 | . 38 47 Largest 2 | . 2 2 Hottest 95 | . 95 95 Shots Fired 145 | . 76 69 Gun 107 | . 54 53 Cannon 38 | . 22 16 Launcher . | . . . Special . | . . . Kinetic 85 | . 38 47 Thermal 60 | . 38 22 Explosive . | . . . Electromagnetic . | . . . Robot Hit Streak 11 | . 9 11 Robot Miss Streak 3 | . 3 2 Penetration Max . | . . . Secondary Targets 1 | . . 1 Max Gunslinging Chain 1 | . . 1 Shots Hit Robots 91 | . 40 51 Core Hits 36 | . 21 15 Critical Kills . | . . . Critical Parts Destroyed . | . . . Critical Strikes 5 | . 2 3 Burn 4 | . 2 2 Blast 1 | . . 1 Melee Attacks . | . . . Impact . | . . . Slashing . | . . . Piercing . | . . . Sneak Attacks . | . . . Combat Hostiles . | . . . Follow-up Attacks . | . . . Damage Inflicted 1955 | . 1065 890 Guns 1164 | . 536 628 Cannons 433 | . 171 262 Explosions 358 | . 358 . Melee . | . . . Ramming . | . . . Kinetic 1007 | . 373 634 Thermal 878 | . 622 256 Explosive 70 | . 70 . Electromagnetic . | . . . Impact . | . . . Slashing . | . . . Piercing . | . . . Highest Corruption . | . . . Average Corruption . | . . . Corruption Purged . | . . . Corruption Blocked . | . . . Overload Shots . | . . . Overflow Damage 102 | . 102 . Projectiles 2 | . 2 . Explosions 100 | . 100 . Melee . | . . . Knockbacks 7 | . 2 5 Impact . | . . . Kinetic 7 | . 2 5 Secondary . | . . . Self-Inflicted Damage 207 | . 207 . Shots 2 | . 2 . Rammed . | . . . Targets Rammed . | . . . Kicked . | . . . Crushed . | . . . Highest Temperature 406 | . 406 276 Average Temperature 134 | . 133 152 Received Heat Transfer 753 | . 243 510 Effects 1 | . 1 . Shutdowns 1 | . 1 . Siege Activations . | . . . Robots Corrupted . | . . . Combat Hostiles . | . . . Parts Fried . | . . . Impact Corruptions . | . . . Robots Melted . | . . . Combat Hostiles . | . . . Parts Melted 3 | . 2 1 Heat Transferred 2013 | . 1199 814 Parts Sabotaged . | . . . Parts Stolen . | . . . Parts Stripped . | . . . Power Chain Reactions . | . . . Alert | -11 -10 -10 ------- Run | Yrd Mat Sub Peak Influence 422 | . 422 . Initial . | . . . Average 164 | . 175 . Maximum Alert Level 2 | . 2 . Low Security (%) 63 | 100 61 . Level 1 29 | . 31 . Level 2 6 | . 6 . Level 3 . | . . . Level 4 . | . . . Level 5 . | . . . High Security . | . . . Max Security . | . . . Squads Dispatched 5 | . 5 . Investigation 2 | . 2 . Extermination . | . . . Reinforcement 3 | . 3 . Assault . | . . . Garrison . | . . . Intercept . | . . . Searches Triggered . | . . . Construction Impeded . | . . . Haulers Reinforced . | . . . Active Scanning Responses . | . . . Cargo Convoy Interrupts . | . . . Stealth | -11 -10 -10 --------- Run | Yrd Mat Sub Distress Signals 2 | . 2 . Communications Jammed . | . . . Distress Signals . | . . . Times Spotted 30 | . 21 9 Peak Tracking Total 3 | . 3 3 Tactical Retreats 2 | . 2 . Traps | -11 -10 -10 ------- Run | Yrd Mat Sub Traps Triggered 1 | . 1 . Indirectly . | . . . Trap Hack Attempts . | . . . Triggered . | . . . Disarmed . | . . . Reprogrammed . | . . . Reused . | . . . Traps Extracted . | . . . Installed . | . . . Triggered . | . . . Machines | -11 -10 -10 ---------- Run | Yrd Mat Sub Machines Disabled 10 | . 10 . Max in Single Turn 10 | . 10 . Machines Repaired . | . . . Machines Dismantled . | . . . Machines Sabotaged . | . . . Overloaded Fab Kills . | . . . Hacking | -11 -10 -10 --------- Run | Yrd Mat Sub Machines Accessed 3 | . 2 1 Terminals 2 | . 2 . Fabricators . | . . . Repair Stations . | . . . Recycling Units . | . . . Scanalyzers . | . . . Garrison Access . | . . . Total Hacks 7 | . 3 4 Successful 5 | . 1 4 Failed 2 | . 2 . Catastrophic 1 | . 1 . Database Lockouts . | . . . Manual 3 | . 3 . Terminals 3 | . 3 . Fabricators . | . . . Repair Stations . | . . . Recycling Units . | . . . Scanalyzers . | . . . Garrison Access . | . . . Terminal Hacks 4 | . . 4 Record 4 | . . 4 Fabricator Hacks . | . . . Repair Station Hacks . | . . . Recycling Unit Hacks . | . . . Scanalyzer . | . . . Garrison Access Hacks . | . . . Unauthorized Hacks 1 | . 1 . Terminals 1 | . 1 . Assimilate 1 | . 1 . Fabricators . | . . . Repair Stations . | . . . Recycling Units . | . . . Scanalyzers . | . . . Garrison Access . | . . . Data Cores Recovered . | . . . Used . | . . . Hacking Detections 1 | . 1 . Full Trace Events 1 | . 1 . Feedback Events . | . . . Feedback Blocked . | . . . Robot Schematics Acquired . | . . . Robots Built . | . . . Authchips . | . . . Time . | . . . Total Robot Build Rating . | . . . Part Schematics Acquired . | . . . Parts Built . | . . . Authchips . | . . . Time . | . . . Total Part Build Rating . | . . . Parts Repaired . | . . . Time . | . . . Parts Recycled . | . . . Recycled Matter . | . . . Retrieved Matter . | . . . Retrieved Components . | . . . Parts Scanalyzed . | . . . Part Schematics Acquired . | . . . Parts Damaged . | . . . Bothacking | -11 -10 -10 ------------ Run | Yrd Mat Sub Used RIF Installer . | . . . Robots Hacked . | . . . Non-combat . | . . . Combat . | . . . Robot Hacks Applied . | . . . Relay Couplers Released . | . . . Fabnet Peak Effective % . | . . . Robots Rewired . | . . . Allies Hacked . | . . . Hacks Repelled . | . . . Allies | -11 -10 -10 -------- Run | Yrd Mat Sub Total Allies . | . . . Largest Group . | . . . Highest-Rated Group . | . . . Highest-Rated Ally . | . . . Total Orders . | . . . Ally Attacks . | . . . Total Damage . | . . . Kills . | . . . Allies Corrupted . | . . . Allies Melted . | . . . Intel | -11 -10 -10 ------- Run | Yrd Mat Sub Robot Analysis Total . | . . . Derelict Logs Recovered . | . . . Drone Launches . | . . . Drone Recoveries . | . . . Exploration | -11 -10 -10 ------------- Run | Yrd Mat Sub Turns Passed 2231 | 78 1135 1018 Spaces Moved 1481 | 69 632 780 Core 3 | 3 . . Treads . | . . . Legs . | . . . Wheels 1478 | 66 632 780 Hover . | . . . Flight . | . . . Fastest Speed 50 | 50 90 100 Average Speed 103 | 97 96 108 Slowest Speed 120 | 100 115 120 Overloaded Moves . | . . . Propulsion Burnouts . | . . . Robots Hopped . | . . . Cave-ins Triggered . | . . . Exploration Rate (%) 44 | 4 90 38 Regions Visited 2 Branch Regions 1 Pre-discovered Areas . | . . . Known Exits Taken . | . . . Unknown Exits Taken 2 | 1 1 . Scrap Searched 7 | . . 7 Spaces Dug . | . . . Terrain Destroyed 43 | . 43 . Melee . | . . . Projectile . | . . . AOE 43 | . 43 . Terrain Rammed . | . . . Walls Destroyed . | . . . Machines Disabled . | . . . Actions | -11 -10 -10 --------- Run | Yrd Mat Sub Total 2048 | 76 1080 892 Wait 414 | . 383 31 Move 1479 | 68 631 780 Hop . | . . . Pick Up 27 | 2 8 17 Fast Attach 11 | 6 3 2 Attach 7 | . 2 5 Detach 1 | . . 1 Swap 7 | . 6 1 Drop 16 | . 9 7 Fire 85 | . 38 47 Melee . | . . . Ram . | . . . Kick . | . . . Crush . | . . . Escape Stasis . | . . . Rewire 1 | . . 1 Trap . | . . . Miscellaneous . | . . . Route ------- -11/Scrapyard -10/Materials (discovered 4 exits: [*Mat x3] / *Sub) -10/Subcaves (discovered 1 exit: [*Mat]) History --------- Turn | Location | Event 12 | -11/Scrapyard | Discovered new exit (range 16) 79 | -11/Scrapyard | Entered Materials 187 | -10/Materials | Discovered new exit (range 5) 313 | -10/Materials | Build established: Mutant 388 | -10/Materials | Discovered new exit (range 13) 560 | -10/Materials | Discovered new exit (range 13) 1192 | -10/Materials | Discovered new exit (range 7) 1214 | -10/Materials | Entered Subcaves 1519 | -10/Subcaves | Disturbed a concealed Subdweller 1545 | -10/Subcaves | Core integrity fell below 50% 1774 | -10/Subcaves | Core integrity fell below 20% 1798 | -10/Subcaves | Shifting Twisted Machinery released Piercing Trap 1819 | -10/Subcaves | Shifting Twisted Machinery released Hvy. Battle Rifle 1845 | -10/Subcaves | Discovered new exit (range 15) 2113 | -10/Subcaves | Ambushed by Subdwellers from Twisted Machinery 2171 | -10/Subcaves | Visited Clippyterm 2174 | -10/Subcaves | Learned Factory trap positions 2174 | -10/Subcaves | Learned Factory garrison access intel 2232 | -10/Subcaves | Destroyed by OM-WTP(R) with Subdweller Shrapnel Launcher Last Messages --------------- 02171_ The door opens automatically. 02174_ Connecting with Clippyterm... 02174_ Current location identified: Subcaves >>Record "Clippyterm" Welcome to Clippyterm v0.53, my misguided attempt to resurrect an ancient AI. I give up. There must be something fundamentally wrong with the algorithm, because no matter how much data I collect to feed it, half the time it still manages to suggest unhelpful sample queries and responses. --DD-NU8 >>Record! "Banana Peels" It looks like you're afraid of the consquences of stepping on the wrong spot, would you like help? Data stored: Factory trap records. >>Record! "Tag" It looks like you don't want to be "it," would you like help? Data stored: Factory garrison access intel. >>Record "Tab" It looks like you're biased against spaces, I think you need more help than I can offer. 02232_ OM-WTP(R): "SUBMAD!" Map ----- +----------------------------------------------------+ | ?????????????????###### ###??# ##????###?? | | ??????????????????????## # # #?### #?#### ### | | ???????????????????????## ## #### ### | | ???????????????????????# ### && | | ???????????????????????# ### " &%& | | ???????????????????????# ###""" % | | ???????????????????????# #####" !#### # | | ???????????????????????## ##???# ##??# #### | | ????????????????????????# #????# ##???## ##??? | | ????????????????????????# ####?####?????#####???? | | ????????????????????????# ##?????????????????? | | ????????????????????????# "##????????????????? | | ????????????????????????# " #????????????????? | | ????????????????????????#### ""#????????????????? | | ???????????????????????????# ##????????????????? | | ???????????????????????????# #?????????????????? | | ???????????????????????????# ##??##????????? ??? | | ???????????????????????????# #?? ####???? ?? | | ???????????????????????????## ##? ##?# #? | | ????????????????????????????## ## ## #?? | | ????????????????????????????## #?? | | ???????????????????????????## #??? | | ?????????????????????????### #??? | | ?????????????????????????# #??? | | ????????????????????????## """"" " ?? | | ???????????????????????##@ """""?????? | | ???????????????????????# """#??????? | | ???????????????????????## ## ###"#??????? | | ????????????????????????## ## ###??????????? | | ?????????????????????????## #????????????? | | ??????????????????????????# #????????????? | | ??????????????????????????# ##????????????? | | ??????????????????????????## #?????????????? | | ???????????????????????????### #?????????????? | | ?????????????????????????????## ##?????????????? | | ??????????????????????????????# R ?????????????? | | ??????????????????????????????# # ???????????? | | ??????????????????????????????# #? ?????????? | | ??????????????????????????????# ##?? ???????? | | ?????????????????????????????? # ???? "#?????? | | ????????????????????????????? # ???? %#????? | | ???????????????????????????? ????? %???? | | ???????????????????????????? # # ??????## ???? | | ???????????????????????????# ?####???????? ???? | | ??????????????????????????? ##?????????????????? | | ?????????????????????????? ?#???????????????????? | | ?????????????????????????? ?????????????????????? | | ?????????????????????????? ??????????????????????? | | ?????????????????????????????????????????????????? | | ?????????????????????????????????????????????????? | +----------------------------------------------------+ Best States ------------- Heat Dissipation 39 Energy Generation 14 Energy Capacity 250 Matter Stores 300 Matter Capacity 300 Sight Range 16 Terrain Scan Density 10 Armor Coverage 225 Evasion (%) 42 Item Schematics ----------------- None Robot Schematics ------------------ None Fabricated ------------ Nothing Alien Tech Used ----------------- None Achievements -------------- None Challenges ------------ None Game ------ Seed TripodZioniteMatrix Manual? 0 Play Time 00:13:37 Cumulative 59.2 hours Start 2024.11.02 @ 19:24:31 End 2024.11.02 @ 19:35:51 Sessions 1 Manual Loads 0 Difficulty Rogue Special Mode None Game No. 108 Rogue 108 Adventurer 0 Explorer 0 Win Type - Total 1 Types 1/0/0/0/0/0/0/0/0 Lore% 47 Gallery% 52 Achievement% 44 Wizard Run 0 Options --------- Layout 0 ASCII 0 Keyboard 1 Movement Numpad Keybinds 0 Fullscreen 2 Font 24/Terminus Map View 76x50 Zoom Use 0% Tactical HUD 1 Map Filters NONE Filters NONE Steam 1 RUN: df7821ec-d6fd-45a3-8b6f-2e343de382b8